 Dungeon Crawl Stone Soup version 0.26-a0-597-gb535b0901c (webtiles) character file.

Game seed: 5081709111129641299

183132 CovertPenguin the Illuminatus (level 17, -16/199 HPs)
             Began as a Gnoll Ice Elementalist on Aug 24, 2020.
             Was a High Priest of Ashenzari.
             Demolished by an emperor scorpion (26 damage)
             ... on level 4 of the Spider Nest on Aug 27, 2020.
             The game lasted 02:52:02 (45925 turns).

CovertPenguin the Illuminatus (GnIE)               Turns: 45925, Time: 02:52:03

Health: -16/199    AC: 28    Str: 11    XL:     17   Next: 98%
Magic:  0/33       EV:  2    Int: 23    God:    Ashenzari [*****.]
Gold:   3881       SH: 13    Dex: 17    Spells: 5/41 levels left

rFire    + . .     SeeInvis +   O - +4 demon whip (venom)
rCold    + + .     Faith    .   z - +0 kite shield {reflect} (curse)
rNeg     + + +     Spirit   +   (armour currently unavailable)
rPois    +         Reflect  +   (helmet currently unavailable)
rElec    +         Harm     .   (cloak currently unavailable)
rCorr    +         Clarity  +   (gloves currently unavailable)
MR       +....     NoTele   +   (boots currently unavailable)
Stlth    +++++.....             Q - amulet of guardian spirit (curse)
HPRegen  0.43/turn              o - ring of protection from cold
MPRegen  0.23/turn              g - ring of poison resistance (curse)

@: tree-form, resistant, hasted, very quick
A: distributed training, strong nose
}: 1/15 runes: decaying
a: Curse Item, Scrying, Renounce Religion


You were on level 4 of the Spider Nest.
You worshipped Ashenzari.
Ashenzari was extremely pleased with you.
You were a tree.
You visited 6 branches of the dungeon, and saw 30 of its levels.
You also visited: Gauntlet.

You collected 4557 gold pieces.
You spent 676 gold pieces at shops.

Inventory:

Hand Weapons
 N - the +8 trident "Gezoaf" {flame, Int+3}
   (You found it on level 8 of the Dungeon)

   It has been specially enchanted to burn those struck by it, causing extra
   injury to most foes and up to half again as much damage against particularly
   susceptible opponents.
   It affects your intelligence (+3).
 O - a +4 demon whip of venom (weapon)
   (You took it off Asterion on level 2 of the Spider Nest)
Missiles
 i - 33 boomerangs
 j - 60 poisoned darts (quivered)
 F - 12 curare-tipped darts {!f}
 U - 21 javelins
Armour
 f - a +2 pair of gloves (melded)
   (You found it on level 2 of the Swamp)
 p - a +0 pair of boots (melded)
   (You found it on level 1 of the Dungeon)
 s - a +1 hat (melded)
   (You found it on level 2 of the Dungeon)
 z - a cursed +0 kite shield of reflection (worn)
   (You took it off Donald on level 4 of the Swamp)
 R - a +2 robe of cold resistance
   (You took it off Fannar on level 10 of the Dungeon)
 S - a scarf of resistance
   (You found it on level 3 of the Spider Nest)
 T - a +2 cloak of preservation (melded)
   (You found it in a Gauntlet)
 V - a +2 robe of the Archmagi (melded)
   (You took it off Nergalle on level 11 of the Dungeon)
Jewellery
 g - a cursed ring of poison resistance (right branch)
   (You found it on level 1 of the Swamp)
 o - a ring of protection from cold (left branch)
   (You found it on level 2 of the Dungeon)
 Q - a cursed amulet of guardian spirit (around neck)
   (You found it on level 10 of the Dungeon)
Wands
 c - a wand of disintegration (27)
   (You found it on level 3 of the Lair of Beasts)
 d - a wand of iceblast (27)
   (You found it on level 9 of the Dungeon)
 u - a wand of paralysis (27)
   (You found it on level 6 of the Dungeon)
 v - a wand of digging (18)
   (You found it on level 2 of the Lair of Beasts)
 x - a wand of acid (26)
   (You found it on level 7 of the Dungeon)
 G - a wand of polymorph (19)
   (You found it on level 6 of the Dungeon)
Scrolls
 b - 3 scrolls of immolation {!r}
 e - 2 scrolls of enchant weapon
 k - 2 scrolls of fear
 m - 6 scrolls of blinking
 n - 3 scrolls of magic mapping
 q - 5 scrolls of remove curse {@r2}
 r - 11 scrolls of teleportation {@r4}
 w - 3 scrolls of amnesia
 A - 2 scrolls of brand weapon
 C - 8 scrolls of fog
 D - 2 scrolls of enchant armour
 H - 4 scrolls of vulnerability {!r}
 J - 7 scrolls of identify {@r1}
 Z - a scroll of holy word
Potions
 a - 6 potions of curing {@q1}
 h - 9 potions of flight
 y - 3 potions of stabbing
 B - 3 potions of haste {@q3}
 E - 5 potions of might
 I - 5 potions of lignification {!q}
 K - a potion of magic
 M - 7 potions of brilliance
 Y - 5 potions of mutation {!q}
Miscellaneous
 t - a box of beasts (3/3)
   (You found it in a Gauntlet)
 L - a phial of floods (inert)
   (You found it on level 3 of the Lair of Beasts)


   Skills:
 + Level 11.8 Fighting
 + Level 11.8 Short Blades
 + Level 11.8 Long Blades
 + Level 11.8 Axes
 + Level 11.8 Maces & Flails
 + Level 11.8 Polearms
 + Level 11.8 Staves
 + Level 11.8 Slings
 + Level 11.8 Bows
 + Level 11.8 Crossbows
 + Level 11.8 Throwing
 + Level 11.8 Armour
 + Level 12.6 Dodging
 + Level 12.5 Stealth
 + Level 11.8(14.2) Shields
 + Level 11.8 Unarmed Combat
 + Level 12.7 Spellcasting
 + Level 10.1(12.6) Conjurations
 + Level 10.1(12.6) Hexes
 + Level 10.1(12.6) Summonings
 + Level 10.1(12.6) Necromancy
 + Level 10.1(12.6) Translocations
 + Level 10.1(12.6) Transmutations
 + Level 10.1(12.6) Fire Magic
 + Level 12.1(14.4) Ice Magic
 + Level 10.1(12.6) Air Magic
 + Level 10.1(12.6) Earth Magic
 + Level 10.1(12.6) Poison Magic
 + Level 12.8 Invocations
 + Level 11.8(14.2) Evocations


You had 5 spell levels left.
You knew the following spells:

 Your Spells              Type           Power        Failure   Level
a - Ozocubu's Refrigerat  Ice            ######....   1%          6
b - Frozen Ramparts       Ice            ######       1%          3
d - Ozocubu's Armour      Ice            ######..     1%          3
e - Summon Ice Beast      Ice/Summ       ######..     1%          4
g - Portal Projectile     Hex/Tloc       ######       1%          3
h - Freezing Cloud        Conj/Ice/Air   ######....   3%          6
i - Yara's Violent Unrav  Hex/Tmut       ######....   1%          5
u - Animate Skeleton      Necr           ######       1%          1
w - Summon Mana Viper     Hex/Summ       ######..     1%          5

Your spell library contained the following spells:

 Spells                   Type           Power        Failure   Level
 Freeze                   Ice            ####         0%          1
 Apportation              Tloc           ######       1%          1
 Corona                   Hex            ######.      1%          1
 Magic Dart               Conj           ####         1%          1
 Summon Small Mammal      Summ           ####         1%          1
 Blink                    Tloc           N/A          1%          2
 Call Imp                 Summ           ######..     1%          2
 Corpse Rot               Necr/Air       N/A          1%          2
 Poisonous Vapours        Pois/Air       ######       1%          2
 Slow                     Hex            ######..     1%          2
 Confusing Touch          Hex            ######..     1%          3
 Conjure Flame            Conj/Fire      ######..     1%          3
 Gell's Gravitas          Tloc           ######....   1%          3
 Inner Flame              Hex/Fire       ######..     1%          3
 Mephitic Cloud           Conj/Pois/Air  ######..     1%          3
 Spider Form              Tmut/Pois      ######....   1%          3
 Vampiric Draining        Necr           ######....   1%          3
 Animate Dead             Necr           ######....   1%          4
 Cause Fear               Hex            ######....   1%          4
 Hailstorm                Conj/Ice       ######..     1%          4
 Ice Form                 Ice/Tmut       ######..     1%          4
 Leda's Liquefaction      Hex/Erth       ######....   1%          4
 Olgreb's Toxic Radiance  Pois           ######..     1%          4
 Petrify                  Tmut/Erth      ######..     1%          4
 Bolt of Magma            Conj/Fire/Erth ######....   1%          5
 Borgnjor's Vile Clutch   Necr/Erth      ######....   1%          5
 Excruciating Wounds      Necr           ######....   1%          5
 Iskenderun's Battlesphe  Conj           ######..     1%          5
 Metabolic Englaciation   Hex/Ice        ######....   1%          5
 Summon Demon             Summ           ######....   1%          5
 Summon Forest            Summ/Tloc      ######....   1%          5
 Simulacrum               Ice/Necr       ######....   2%          6
 Death Channel            Necr           ######....   4%          6
 Hydra Form               Tmut           ######....   4%          6
 Iron Shot                Conj/Erth      ######....   4%          6
 Shadow Creatures         Summ           N/A          4%          6
 Statue Form              Tmut/Erth      ######...    4%          6
 Orb of Destruction       Conj           ######....   22%         7
 Spellforged Servitor     Conj/Summ      ######....   22%         7
 Summon Hydra             Summ           ######....   22%         7


Dungeon Overview and Level Annotations

Branches:
Dungeon (13/15)            Temple (1/1) D:7            Lair (6/6) D:9
  Swamp (4/4) Lair:2       Spider (4/4) Lair:2        Slime (0/5) Lair:6
    Orc (2/2) D:11            Elf (0/3) Orc:2       Gauntlet (visited)
 Vaults: D:13-14

Altars:
Ashenzari
Cheibriados
Dithmenos
Elyvilon
Fedhas
Gozag
Hepliaklqana
Kikubaaqudgha
Makhleb
Nemelex Xobeh
Okawaru
Qazlal
Ru
Sif Muna
Trog
Uskayaw
Vehumet
Wu Jian
Xom
Yredelemnul
Zin
The Shining One
Beogh
Jiyva

Shops:
Orc:1 *   Orc:2 (=*[

Annotations:
Lair:6 1 runed translucent door
Swamp:3 2 transporters


Innate Abilities, Weirdness & Mutations

Your experience applies equally to all skills.
((You have very sharp teeth.))
Your uncanny sense of smell can sniff out nearby items.


Message History

The emperor scorpion is engulfed in freezing vapours.
The ghost moth is engulfed in freezing vapours.
The ghost moth stares at you.
You hit the emperor scorpion but do no damage.
The emperor scorpion stings you!
* * * LOW HITPOINT WARNING * * *
The emperor scorpion claws you.
* * * LOW HITPOINT WARNING * * *
You block the emperor scorpion's attack.
The demonic crawler is engulfed in freezing vapours.
The ghost moth is engulfed in freezing vapours.
You hit the emperor scorpion but do no damage.
The emperor scorpion looks as sick as possible!
The emperor scorpion is engulfed in freezing vapours. x2
The emperor scorpion stings you!
* * * LOW HITPOINT WARNING * * *
The emperor scorpion claws you!
* * * LOW HITPOINT WARNING * * *
The emperor scorpion claws you.
* * * LOW HITPOINT WARNING * * *
The ghost moth is engulfed in freezing vapours.
The ghost moth stares at you.
Quiver which item? (- for none, * to show all) (? for menu, Esc to quit)
Okay, then.
Okay, then.
Okay, then.
As you read the scroll of fear, it crumbles to dust.
You assume a fearsome visage.
The demonic crawler is unaffected.
The ghost moth resists with almost no effort.
The ghost moth easily resists.
The emperor scorpion resists with some effort.
The emperor scorpion is engulfed in freezing vapours.
The demonic crawler is engulfed in freezing vapours.
The ghost moth is engulfed in freezing vapours.
A moth of wrath comes into view.
You block the emperor scorpion's attack.
The emperor scorpion claws you but does no damage.
You block the emperor scorpion's attack.
Okay, then.
You feel protected.
The ghost moth is no longer waterlogged.
The ghost moth is engulfed in freezing vapours.
The emperor scorpion is engulfed in freezing vapours.
The demonic crawler is engulfed in freezing vapours.
The ghost moth is engulfed in freezing vapours.
The ghost moth stares at you.
You feel your power leaking away. The emperor scorpion stings you!!
You die...

,,,≈ * ^* #≈≈≈#....## *,≈≈ ,
#^#..!..^≈#≈≈≈.^..≈#
.≈...#≈≈≈#^..!φ!.^##≈≈≈.#..##
*.^#..^≈≈≈#^.......##≈≈≈..^.# #
*,#....≈≈≈# ≈....§.*#≈≈≈...## #
*,≈....≈≈≈##*≈§s§^ ##≈≈≈....####
*, ##..≈≈≈≈##*syy^##≈≈≈≈...#..".
, #.≈≈≈≈≈≈y###s###≈≈≈≈≈#.^..###
..^ #.≈≈≈≈≈≈≈≈♣≈≈≈≈≈≈≈.≈≈#..# #
*.^..#..†≈≈≈≈≈.#≈≈≈≈≈≈..#^#.##
*........≈≈≈≈≈.^.≈≈≈≈......^≈###
.............#≈.^.........^##..
......^....#.^.^.^......^...#..
#.#.#....#..#.≈.....^^....≈≈#..
#.^....^.^............#...##...
###.....##.#.#.........≈≈^##...
*.≈#^^^.....#......#...≈####...


You could see 2 emperor scorpions, 2 ghost moths, a demonic crawler and a moth
of wrath.

Vanquished Creatures
  Asterion (Spider:2)
  2 thorn hunters
  Donald (Swamp:4)
  Agnes (Spider:2)
  An emperor scorpion (Spider:4)
  A ghost moth (Spider:4)
  An orc warlord (Orc:2)
  A very ugly thing (Swamp:3)
  3 entropy weavers (Spider:2)
  A minotaur (Gauntlet)
  Azrael (Spider:1)
  2 spark wasps
  An ettin (Orc:1)
  Josephine (D:10)
  19 hydras
  Fannar (D:10)
  Erolcha (D:12)
  2 ghost crabs
  5 shambling mangroves
  A catoblepas (Lair:6)
  14 alligators
  A two-headed ogre (D:9)
  2 death yaks (Lair:6)
  An orc high priest (Orc:2)
  Nergalle (D:11)
  Urug (Orc:2)
  An unseen horror (D:11)
  9 swamp dragons
  A spriggan druid (Swamp:3)
  An obsidian statue (Gauntlet)
  3 orc knights (Orc:2)
  2 lindwurms (Swamp:4)
  An ugly thing (D:11)
  11 orb spiders
  27 wolf spiders
  3 orc sorcerers (Orc:2)
  A manticore (D:11)
  2 moths of wrath
  2 elephants (Lair:6)
  3 black mambas
  2 centaur skeletons
  18 cane toads
  A minotaur zombie (Gauntlet)
  5 komodo dragons
  2 rime drakes
  12 demonic crawlers
  3 polar bears
  31 jumping spiders
  4 trolls
  9 tyrant leeches
  12 blink frogs
  14 slime creatures
  19 hornets
  9 hippogriffs
  6 bog bodies
  4 dream sheep (Lair:5)
  68 redbacks
  2 centaur simulacra (Gauntlet)
  9 spriggans
  2 vampires
  44 yaks
  3 wyverns
  5 wraiths
  30 tarantellas
  2 fire elementals (Spider:1)
  Grum (D:8)
  17 vampire mosquitoes
  3 basilisks (D:9)
  An acid dragon (D:11)
  12 insubstantial wisps
  13 swamp worms
  4 wargs
  2 hell hounds (Spider:1)
  10 porcupines
  A meliai simulacrum (Gauntlet)
  12 water moccasins
  3 ice beasts
  11 ogres
  17 orc warriors
  3 black bears
  An eye of draining (D:13)
  4 phantoms
  3 sky beasts
  11 swamp drakes
  A necrophage (D:9)
  18 wolves
  6 centaurs
  7 crocodiles
  2 big kobolds
  16 bullfrogs
  A cane toad simulacrum (Gauntlet)
  A wyvern skeleton (D:7)
  7 scorpions
  7 killer bees
  9 wights
  9 electric eels
  4 howler monkeys
  3 centaur zombies
  6 hounds
  10 jellies
  13 orc priests
  16 orc wizards
  6 iguanas
  Terence (D:2)
  7 worker ants
  2 hound skeletons (D:6)
  A hound zombie (D:5)
  A howler monkey zombie (D:9)
  A worker ant zombie (D:9)
  Robin (D:2)
  16 adders
  4 shadow imps
  3 white imps
  2 ufetubi
  5 oozes (D:1)
  An adder skeleton (D:5)
  2 worms
  3 dart slugs
  9 leopard geckos
  51 orcs
  3 ball pythons
  15 giant cockroaches
  17 goblins
  8 hobgoblins
  15 jackals
  5 quokkas
  5 bats
  8 frilled lizards
  A jackal skeleton (D:5)
  25 kobolds
  A quokka skeleton (D:6)
  17 rats
  A briar patch (Swamp:4)
952 creatures vanquished.

Vanquished Creatures (collateral kills)
  Arachne (Spider:3)
  Roxanne (Spider:2)
  Aizul (Swamp:3)
  A dire elephant (Lair:6)
  The ghost of Maca the Severer, a journeyman PaAK of Lugonu (D:10)
  A death ooze (Gauntlet)
  A hydra (Lair:2)
  A death knight (D:12)
  A death yak (Lair:6)
  A deep troll shaman (Lair:6)
  Sonja (Lair:2)
  A lindwurm (Swamp:4)
  A manticore (D:13)
  A black mamba (Lair:2)
  3 elephants (Lair:6)
  Maggie (D:10)
  2 komodo dragons (Lair:6)
  A troll (D:12)
  A tyrant leech (Swamp:1)
  4 bog bodies
  5 slime creatures
  A vampire (D:13)
  A spriggan (Swamp:2)
  A shadow (Swamp:2)
  2 redbacks (Lair:2)
  9 yaks
  2 wraiths
  A basilisk (Lair:3)
  An insubstantial wisp (Swamp:1)
  3 water moccasins (Lair:6)
  2 orc warriors (Orc:2)
  4 wolves
  An ogre (D:10)
  A crocodile (D:9)
  A big kobold (D:7)
  A killer bee (D:9)
  3 wights
  An electric eel (Lair:2)
  A jelly (D:9)
  2 orc priests (Orc:2)
  2 orc wizards (Orc:2)
  An adder (D:10)
  An orc (Orc:2)
  2 jackals (D:10)
  2 kobolds
77 creatures vanquished.

Vanquished Creatures (others)
  2 blink frogs (Swamp:2)
  A slime creature (Swamp:1)
  A kobold (D:13)
  35 fungi
  54 plants
93 creatures vanquished.

Grand Total: 1122 creatures vanquished

Notes
Turn   | Place    | Note
-------+----------+-------------------------------------------
     0 | D:1      | CovertPenguin the Gnoll Ice Elementalist began the quest
                  | for the Orb.
     0 | D:1      | Reached XP level 1. HP: 13/13 MP: 6/6
     1 | D:1      | Found a runed translucent door.
    61 | D:1      | Reached XP level 2. HP: 12/19 MP: 1/7
   281 | D:1      | You fall into a shaft and drop 1 floor!
   282 | D:2      | Noticed Robin
   330 | D:2      | Reached XP level 3. HP: 25/25 MP: 2/9
   332 | D:2      | Reached skill level 5 in Spellcasting
   436 | D:2      | Learned a level 3 spell: Frozen Ramparts
   447 | D:2      | Killed Robin
   447 | D:2      | Reached skill level 1 in Invocations
   601 | D:2      | Noticed Terence
   609 | D:2      | Killed Terence
   609 | D:2      | Reached skill level 1 in Fighting
   609 | D:2      | Reached skill level 1 in Short Blades
   609 | D:2      | Reached skill level 1 in Long Blades
   609 | D:2      | Reached skill level 1 in Axes
   609 | D:2      | Reached skill level 1 in Maces & Flails
   609 | D:2      | Reached skill level 1 in Polearms
   609 | D:2      | Reached skill level 1 in Staves
   609 | D:2      | Reached skill level 1 in Slings
   609 | D:2      | Reached skill level 1 in Bows
   609 | D:2      | Reached skill level 1 in Crossbows
   609 | D:2      | Reached skill level 1 in Throwing
   609 | D:2      | Reached skill level 1 in Armour
   609 | D:2      | Reached skill level 1 in Shields
   609 | D:2      | Reached skill level 1 in Unarmed Combat
   609 | D:2      | Reached skill level 1 in Evocations
   609 | D:2      | Reached XP level 4. HP: 32/32 MP: 4/11
   631 | D:2      | Learned a level 4 spell: Hailstorm
   635 | D:2      | Learned a level 3 spell: Ozocubu's Armour
  1042 | D:1      | Reached skill level 1 in Conjurations
  1042 | D:1      | Reached skill level 1 in Hexes
  1042 | D:1      | Reached skill level 1 in Summonings
  1042 | D:1      | Reached skill level 1 in Necromancy
  1042 | D:1      | Reached skill level 1 in Translocations
  1042 | D:1      | Reached skill level 1 in Transmutations
  1042 | D:1      | Reached skill level 1 in Fire Magic
  1042 | D:1      | Reached skill level 1 in Air Magic
  1042 | D:1      | Reached skill level 1 in Earth Magic
  1042 | D:1      | Reached skill level 1 in Poison Magic
  1539 | D:1      | Reached XP level 5. HP: 35/37 MP: 5/12
  1638 | D:2      | Found a glowing golden altar of the Shining One.
  1845 | D:2      | Noticed a phantom
  1909 | D:2      | Killed a phantom
  1909 | D:2      | Reached skill level 5 in Dodging
  1909 | D:2      | Reached XP level 6. HP: 24/44 MP: 2/14
  2103 | D:2      | Found an iron altar of Okawaru.
  2797 | D:3      | Reached XP level 7. HP: 50/50 MP: 11/15
  2944 | D:3      | Found an ancient bone altar of Kikubaaqudgha.
  3458 | D:4      | Found a radiant altar of Vehumet.
  3839 | D:5      | Entered Level 5 of the Dungeon
  3926 | D:5      | Reached skill level 5 in Stealth
  4202 | D:5      | Found a sacrificial altar of Ru.
  4377 | D:5      | You fall into a shaft and drop 3 floors!
  4422 | D:8      | Reached XP level 8. HP: 57/57 MP: 12/16
  5608 | D:6      | Found the cursed necklace of Bloodlust {*Rage +Rage MR++
                  | Int-3 Slay+6 *Curse}
  5653 | D:6      | Learned a level 4 spell: Summon Ice Beast
  5800 | D:6      | Reached XP level 9. HP: 59/65 MP: 18/18
  6807 | D:7      | Found a staircase to the Ecumenical Temple.
  6843 | Temple   | Entered the Ecumenical Temple
  7083 | Temple   | Became a worshipper of Ashenzari the Shackled
  7084 | Temple   | Upgraded the game from 0.26-a0-591-g04f19ec95a to
                  | 0.26-a0-597-gb535b0901c
  7148 | D:7      | Reached skill level 5 in Invocations
  7757 | D:7      | Found a shimmering blue altar of Sif Muna.
  7802 | D:8      | Got the uncursed scale mail "Weycued" {rF+ Regen+ Str-3}
  7813 | D:8      | Identified the +5 scale mail "Weycued" {rF+ Regen+ Str-3}
                  | (You found it on level 8 of the Dungeon)
  7913 | D:8      | Got the trident "Gezoaf" {flame, Int+3}
  7914 | D:8      | Identified the +8 trident "Gezoaf" {flame, Int+3} (You
                  | found it on level 8 of the Dungeon)
  7919 | D:8      | Learned a level 3 spell: Mephitic Cloud
  7958 | D:8      | Found an ornate altar of the Wu Jian Council.
  8049 | D:8      | Reached XP level 10. HP: 73/73 MP: 16/20
  8354 | D:8      | Noticed Grum
  8358 | D:8      | Reached skill level 5 in Fighting
  8358 | D:8      | Reached skill level 5 in Short Blades
  8358 | D:8      | Reached skill level 5 in Long Blades
  8358 | D:8      | Reached skill level 5 in Axes
  8358 | D:8      | Reached skill level 5 in Maces & Flails
  8358 | D:8      | Reached skill level 5 in Polearms
  8358 | D:8      | Reached skill level 5 in Staves
  8358 | D:8      | Reached skill level 5 in Slings
  8358 | D:8      | Reached skill level 5 in Bows
  8358 | D:8      | Reached skill level 5 in Crossbows
  8358 | D:8      | Reached skill level 5 in Throwing
  8358 | D:8      | Reached skill level 5 in Armour
  8358 | D:8      | Reached skill level 5 in Shields
  8358 | D:8      | Reached skill level 5 in Unarmed Combat
  8358 | D:8      | Reached skill level 5 in Evocations
  8363 | D:8      | Killed Grum
  8476 | D:9      | Found a hide-covered altar of Uskayaw.
  8740 | D:9      | Reached * piety under Ashenzari
  8746 | D:9      | Found a blossoming altar of Fedhas.
  8797 | D:9      | Found a staircase to the Lair.
  8797 | D:9      | Noticed a two-headed ogre
  8817 | D:9      | Killed a two-headed ogre
  8896 | D:9      | Reached XP level 11. HP: 75/81 MP: 9/22
  9365 | D:10     | Entered Level 10 of the Dungeon
  9375 | D:10     | Reached skill level 5 in Conjurations
  9375 | D:10     | Reached skill level 5 in Hexes
  9375 | D:10     | Reached skill level 5 in Summonings
  9375 | D:10     | Reached skill level 5 in Necromancy
  9375 | D:10     | Reached skill level 5 in Translocations
  9375 | D:10     | Reached skill level 5 in Transmutations
  9375 | D:10     | Reached skill level 5 in Fire Magic
  9375 | D:10     | Reached skill level 5 in Air Magic
  9375 | D:10     | Reached skill level 5 in Earth Magic
  9375 | D:10     | Reached skill level 5 in Poison Magic
  9501 | D:10     | Noticed Maggie
  9685 | D:10     | Noticed Fannar
  9702 | D:10     | Killed Fannar
  9955 | D:10     | Killed Maggie
 10512 | D:10     | Found a runed translucent door.
 10513 | D:10     | Noticed Maca's ghost (journeyman PaAK)
 10515 | D:10     | Identified the +5 trident "Gehoheyx" {pain, *Contam rElec
                  | Dex+2}
 10516 | D:10     | Noticed a spriggan rider
 10595 | D:11     | Noticed Nergalle
 10653 | Lair:1   | Entered Level 1 of the Lair of Beasts
 10845 | Lair:1   | Reached ** piety under Ashenzari
 11352 | Lair:1   | Reached XP level 12. HP: 82/89 MP: 22/24
 11408 | Lair:1   | Got the dagger "Raextav" {flame, rElec rPois rC+}
 12309 | Lair:2   | Noticed a six-headed hydra
 12315 | Lair:2   | Learned a level 3 spell: Portal Projectile
 12441 | Lair:2   | Killed a six-headed hydra
 12587 | Lair:2   | Noticed Sonja
 12771 | Lair:2   | Killed Sonja
 13076 | Lair:2   | Found a staircase to the Swamp.
 13415 | Lair:2   | HP: 3/91 [electric eel/bolt of electricity (10)]
 14473 | Lair:2   | Found a hole to the Spider Nest.
 15703 | Lair:4   | Found a radiant altar of Vehumet.
 16031 | Lair:4   | Reached *** piety under Ashenzari
 16937 | Lair:5   | Reached XP level 13. HP: 68/98 MP: 23/26
 17254 | Lair:5   | Learned a level 1 spell: Animate Skeleton
 17833 | Lair:6   | Entered Level 6 of the Lair of Beasts
 18469 | Lair:6   | Reached skill level 10 in Ice Magic
 18600 | Lair:6   | Reached **** piety under Ashenzari
 18623 | Lair:6   | Noticed a dire elephant
 18951 | Lair:6   | Killed a dire elephant
 18951 | Lair:6   | Reached skill level 10 in Spellcasting
 19123 | Lair:6   | Found a runed translucent door.
 19124 | Lair:6   | Found a viscous altar of Jiyva.
 19124 | Lair:6   | Found a staircase to the Slime Pits.
 19896 | Lair:6   | Identified a scroll of acquirement
 20045 | D:11     | Noticed Josephine
 20052 | D:10     | Killed Josephine
 20561 | D:11     | Found a staircase to the Orcish Mines.
 20609 | D:11     | Learned a level 6 spell: Freezing Cloud
 20639 | D:11     | Killed Nergalle
 20642 | D:11     | Reached XP level 14. HP: 102/106 MP: 14/28
 20871 | D:11     | Reached skill level 10 in Dodging
 21613 | Orc:1    | Entered Level 1 of the Orcish Mines
 21725 | Orc:1    | Found a bloodstained altar of Trog.
 21726 | Orc:1    | Reached ***** piety under Ashenzari
 21851 | Orc:1    | Reached skill level 10 in Stealth
 22005 | Orc:1    | Found Fuhef's Assorted Antiques.
 22013 | Orc:1    | Bought a scroll of remove curse for 90 gold pieces
 22013 | Orc:1    | Bought a scroll labeled LEVEPI MUSEIT for 30 gold pieces
 22013 | Orc:1    | Bought a scroll of identify for 60 gold pieces
 22013 | Orc:1    | Bought a potion of might for 120 gold pieces
 22013 | Orc:1    | Bought a scroll of remove curse for 90 gold pieces
 22036 | Orc:2    | Entered Level 2 of the Orcish Mines
 22203 | Orc:2    | Found Wianeashrua's Jewellery Emporium.
 22203 | Orc:2    | Noticed an orc warlord
 22311 | Orc:2    | Killed an orc warlord
 22515 | Orc:2    | Reached skill level 10 in Invocations
 22984 | Orc:2    | Found a roughly hewn altar of Beogh.
 23346 | Orc:2    | Found Uptuum's Antique Armour Emporium.
 23494 | Orc:2    | Found Hadag's General Store.
 23498 | Orc:2    | Found Plog's Antique Weapon Emporium.
 23837 | Orc:2    | Noticed Urug
 23850 | Orc:2    | Killed Urug
 24073 | Orc:2    | Bought a scroll of identify for 26 gold pieces
 24105 | Orc:2    | Bought an uncursed ring of positive energy for 260 gold
                  | pieces
 24140 | Orc:2    | Found a staircase to the Elven Halls.
 24457 | Orc:2    | Learned a level 5 spell: Yara's Violent Unravelling
 25109 | D:12     | Noticed Erolcha
 25302 | D:12     | Killed Erolcha
 25757 | D:13     | Found a gate leading to a gauntlet.
 25780 | Gauntlet | Entered a Gauntlet
 25780 | Gauntlet | Found a transporter.
 25780 | Gauntlet | Found a transporter.
 25784 | Gauntlet | Found a transporter.
 25784 | Gauntlet | Found a transporter.
 25794 | Gauntlet | Found a transporter.
 25795 | Gauntlet | Identified the cursed +0 cloak of Ahaoklam {rElec Str+2}
 25804 | Gauntlet | Found a transporter.
 25804 | Gauntlet | Found a transporter.
 25807 | Gauntlet | Found a transporter.
 25842 | Gauntlet | Found a transporter.
 25849 | Gauntlet | Found a transporter.
 25855 | Gauntlet | Identified the ring of Jesikuv {*Tele rN+ MP+9}
 25895 | Gauntlet | Found a transporter.
 25933 | Gauntlet | Found a transporter.
 25952 | Gauntlet | Found a transporter.
 25957 | Gauntlet | Noticed a dire elephant
 26040 | Gauntlet | Found a transporter.
 26049 | Gauntlet | Found a transporter.
 26068 | Gauntlet | Found a transporter.
 26756 | Gauntlet | Learned a level 5 spell: Summon Mana Viper
 27138 | Gauntlet | Identified the +6 plate armour of Kikubaaqudgha's Fury {rC+
                  | rN+}
 27387 | Gauntlet | Acquired 1880 gold pieces
 27389 | Gauntlet | Acquired Sif Muna's Papyrus of Poisoning and Unholy Magic
 28279 | Spider:1 | Entered Level 1 of the Spider Nest
 28445 | Swamp:1  | Entered Level 1 of the Swamp
 28713 | Swamp:1  | Reached XP level 15. HP: 113/115 MP: 23/29
 30917 | Swamp:2  | Learned a level 6 spell: Ozocubu's Refrigeration
 30926 | Swamp:2  | Reached skill level 10 in Fighting
 30926 | Swamp:2  | Reached skill level 10 in Short Blades
 30926 | Swamp:2  | Reached skill level 10 in Long Blades
 30926 | Swamp:2  | Reached skill level 10 in Axes
 30926 | Swamp:2  | Reached skill level 10 in Maces & Flails
 30926 | Swamp:2  | Reached skill level 10 in Polearms
 30926 | Swamp:2  | Reached skill level 10 in Staves
 30926 | Swamp:2  | Reached skill level 10 in Slings
 30926 | Swamp:2  | Reached skill level 10 in Bows
 30926 | Swamp:2  | Reached skill level 10 in Crossbows
 30926 | Swamp:2  | Reached skill level 10 in Throwing
 30926 | Swamp:2  | Reached skill level 10 in Armour
 30926 | Swamp:2  | Reached skill level 10 in Shields
 30926 | Swamp:2  | Reached skill level 10 in Unarmed Combat
 30926 | Swamp:2  | Reached skill level 10 in Evocations
 32175 | Swamp:3  | Noticed a thorn hunter
 32189 | Swamp:3  | Found a transporter.
 32290 | Swamp:3  | HP: 3/115 [six-headed hydra (5)]
 33614 | Swamp:3  | Noticed a thorn hunter
 33627 | Swamp:3  | Killed a thorn hunter
 34558 | Swamp:3  | Found a transporter.
 34661 | Swamp:4  | Entered Level 4 of the Swamp
 34824 | Swamp:4  | Noticed Aizul
 34867 | Swamp:3  | Killed Aizul
 35847 | D:10     | Reached XP level 16. HP: 116/123 MP: 21/31
 35950 | D:10     | Killed Maca's ghost
 36448 | Swamp:4  | Noticed Donald
 36624 | Swamp:4  | Killed Donald
 38021 | Swamp:4  | Got a decaying rune of Zot
 38032 | Swamp:4  | Noticed a thorn hunter
 38039 | Swamp:4  | Killed a thorn hunter
 38207 | Swamp:4  | Got the dire flail of the Spider Nest {elec, rF+ rC+ MR+}
 39532 | Spider:1 | Noticed Azrael
 39536 | Spider:1 | Killed Azrael
 40715 | Spider:2 | Identified Roxanne's Catalogue of Changing
 40715 | Spider:2 | Noticed Roxanne
 40743 | Spider:2 | Killed Roxanne
 41017 | Spider:2 | Noticed Asterion
 41020 | Spider:2 | Noticed Agnes
 41039 | Spider:2 | Reached XP level 17. HP: 104/131 MP: 12/33
 41046 | Spider:2 | Killed Asterion
 41572 | Spider:2 | Killed Agnes
 42837 | Spider:3 | Noticed Arachne
 42865 | Spider:3 | Killed Arachne
 44022 | Spider:4 | Entered Level 4 of the Spider Nest
 44466 | Spider:4 | Reached skill level 10 in Conjurations
 44466 | Spider:4 | Reached skill level 10 in Hexes
 44466 | Spider:4 | Reached skill level 10 in Summonings
 44466 | Spider:4 | Reached skill level 10 in Necromancy
 44466 | Spider:4 | Reached skill level 10 in Translocations
 44466 | Spider:4 | Reached skill level 10 in Transmutations
 44466 | Spider:4 | Reached skill level 10 in Fire Magic
 44466 | Spider:4 | Reached skill level 10 in Air Magic
 44466 | Spider:4 | Reached skill level 10 in Earth Magic
 44466 | Spider:4 | Reached skill level 10 in Poison Magic
 45925 | Spider:4 | Demolished by an emperor scorpion

Illustrated notes

Levels and vault maps discovered:
D:1:      dpeg_arrival_caged_fury, layout_basic
D:2:      layout_loops_ring, tso_altar, overflow_temple_1_default, uniq_robin,
          uniq_terence
D:3:      minmay_razor_zed, layout_rooms, nicolae_overflow_hidden_temple,
          corexii_item_surrounded_by_moat, serial_bayou_crossing
D:4:      layout_basic, vehumet_altar_wand_db
D:5:      layout_gridville, gup_sewer_entry_pipe, nicolae_ru_path_of_blood
D:6:      layout_loops_ring, eino_small_chamber_without_monster,
          minmay_misc_feat_rows, minmay_misc_feat_tiny,
          minmay_fractal_squares_diagonal_5
D:7:      layout_rooms, kennysheep_little_box, minmay_temple_entry_arrows,
          minmay_fountain_box
D:8:      layout_loops_ring, lemuel_crystal_altar, uniq_grum
D:9:      layout_basic, eat_drink_and_be_merry_uskayaw, lemuel_doored_altar,
          minmay_lair_entry_grove
D:10:     layout_gridville, ebering_ghost_funeral_grove, uniq_fannar,
          uniq_maggie
D:11:     layout_irregular_city, orc_0_dummy, uniq_nergalle, uniq_josephine
D:12:     layout_roguey, uniq_erolcha
D:13:     minmay_dotted_concentric_squares, layout_irregular_city,
          gauntlet_entry_generic, fedhas_altar_2
Temple:   eino_temple_water
Lair:1:   layout_layer_cave, infiniplex_staircase_pool
Lair:2:   layout_loops_ring, minmay_swamp_entry_eels,
          nicolae_spider_entry_tight_spaces, serial_bayou_pond_c, uniq_sonja
Lair:3:   layout_roguey, minivault_27
Lair:4:   layout_layer_cave, basic_altar
Lair:5:   layout_regular_city
Lair:6:   grunt_lair_end_beastmaster, layout_regular_city, slime_altar_2,
          nicolae_volcano_entry_s_turn, infiniplex_staircase_pool_2
Swamp:1:  layout_basic_swamp, serial_swamp_ruin, evilmike_swamp_ruin_house_6,
          evilmike_swamp_ruin_house_5
Swamp:2:  layout_falls_marsh, nicolae_swamp_very_dense_foliage
Swamp:3:  gammafunk_the_bubble [the_bubble_gammafunk_crates],
          layout_falls_marsh, evilmike_swamp_ruin_house_2
Swamp:4:  swamp_alternative, layout_basic_swamp, swamp_pool4, uniq_donald,
          uniq_aizul
Spider:1: layout_chambers, uniq_azrael
Spider:2: layout_spider_delve, uniq_roxanne, uniq_asterion, uniq_agnes
Spider:3: layout_spider_delve, uniq_arachne
Spider:4: grunt_spider_rune_island
Orc:1:    layout_caves, serial_shops, shop_statue, basic_altar
Orc:2:    grunt_orc_cross, layout_caves, uniq_urug

Skill      XL: |  1  2  3  4  5  6  7  8  9 10 11 12 13 14 15 16 17 |
---------------+----------------------------------------------------+-----
Spellcasting   | 5 6 7 8 9 10 11 12 | 12.7
Invocations    | 1 2 3 4 5 6 7 8 9 10 11 12 | 12.8
Fighting       | 1 2 3 4 5 6 7 8 9 10 11 | 11.8
Short Blades   | 1 2 3 4 5 6 7 8 9 10 11 | 11.8
Long Blades    | 1 2 3 4 5 6 7 8 9 10 11 | 11.8
Axes           | 1 2 3 4 5 6 7 8 9 10 11 | 11.8
Maces & Flails | 1 2 3 4 5 6 7 8 9 10 11 | 11.8
Polearms       | 1 2 3 4 5 6 7 8 9 10 11 | 11.8
Staves         | 1 2 3 4 5 6 7 8 9 10 11 | 11.8
Slings         | 1 2 3 4 5 6 7 8 9 10 11 | 11.8
Bows           | 1 2 3 4 5 6 7 8 9 10 11 | 11.8
Crossbows      | 1 2 3 4 5 6 7 8 9 10 11 | 11.8
Throwing       | 1 2 3 4 5 6 7 8 9 10 11 | 11.8
Armour         | 1 2 3 4 5 6 7 8 9 10 11 | 11.8
Shields        | 1 2 3 4 5 6 7 8 9 10 11 | 11.8
Unarmed Combat | 1 2 3 4 5 6 7 8 9 10 11 | 11.8
Evocations     | 1 2 3 4 5 6 7 8 9 10 11 | 11.8
Conjurations   | 1 2 3 4 5 6 7 8 9 10 | 10.1
Hexes          | 1 2 3 4 5 6 7 8 9 10 | 10.1
Summonings     | 1 2 3 4 5 6 7 8 9 10 | 10.1
Necromancy     | 1 2 3 4 5 6 7 8 9 10 | 10.1
Translocations | 1 2 3 4 5 6 7 8 9 10 | 10.1
Transmutations | 1 2 3 4 5 6 7 8 9 10 | 10.1
Fire Magic     | 1 2 3 4 5 6 7 8 9 10 | 10.1
Air Magic      | 1 2 3 4 5 6 7 8 9 10 | 10.1
Earth Magic    | 1 2 3 4 5 6 7 8 9 10 | 10.1
Poison Magic   | 1 2 3 4 5 6 7 8 9 10 | 10.1
Dodging        | 5 6 7 8 9 10 11 12 | 12.6
Stealth        | 5 6 7 8 9 10 11 12 | 12.5
Ice Magic      | 8 9 10 11 12 | 12.1

Action                   |  1- 3 |  4- 6 |  7- 9 | 10-12 | 13-15 | 16-18 || total
-------------------------+-------+-------+-------+-------+-------+-------++-------
Melee: Club              |    11 |       |       |       |       |       ||    11
       Mace              |     1 |    95 |   281 |       |       |       ||   377
       Bite              |       |     9 |    31 |    30 |    81 |    52 ||   203
       Punch             |       |       |     2 |       |       |       ||     2
       Trident           |       |       |     6 |   405 |   881 |   202 ||  1494
       Demon whip        |       |       |       |       |       |   259 ||   259
Throw: Stone             |     7 |     5 |     5 |     8 |       |       ||    25
       Dart              |       |       |       |    15 |    29 |     8 ||    52
 Cast: Freeze            |    24 |    16 |    33 |       |       |       ||    73
       Frozen Ramparts   |     3 |    18 |    39 |    48 |    54 |     5 ||   167
       Ozocubu's Armour  |       |     3 |    12 |     1 |     9 |     2 ||    27
       Hailstorm         |       |       |     5 |     6 |     6 |       ||    17
       Summon Ice Beast  |       |       |     6 |    31 |    88 |     8 ||   133
       Mephitic Cloud    |       |       |       |     3 |       |       ||     3
       Portal Projectile |       |       |       |     2 |     3 |       ||     5
       Animate Skeleton  |       |       |       |       |    67 |     4 ||    71
       Freezing Cloud    |       |       |       |       |    49 |    37 ||    86
       Summon Mana Viper |       |       |       |       |    11 |    15 ||    26
       Ozocubu's Refrige |       |       |       |       |    51 |   130 ||   181
       Yara's Violent Un |       |       |       |       |     2 |     1 ||     3
Invok: Curse Item        |       |       |       |     1 |     2 |     1 ||     4
       Scrying           |       |       |       |       |     3 |       ||     3
Evoke: Wand              |       |       |       |     8 |     6 |     1 ||    15
       Box of beasts     |       |       |       |       |     1 |       ||     1
       Phial of floods   |       |       |       |       |     1 |     1 ||     2
  Use: Scroll            |       |       |    10 |     7 |    18 |     2 ||    37
       Potion            |       |       |       |       |     7 |     5 ||    12
 Stab: Sleeping          |       |     8 |    10 |    13 |    19 |     1 ||    51
       Distracted        |       |     1 |     1 |     3 |    15 |     2 ||    22
       Confused          |       |       |       |     1 |       |       ||     1
Armor: Robe              |     2 |       |       |    32 |   158 |   104 ||   296
       Animal skin       |       |    27 |    80 |    18 |       |       ||   125
       Skin              |       |       |       |       |       |     5 ||     5
Dodge: Dodged            |    24 |    65 |   189 |   189 |   468 |   393 ||  1328
Block: Other             |     6 |    23 |    48 |       |       |       ||    77
       Reflection        |       |     3 |     3 |     3 |    20 |     3 ||    32
       Buckler           |       |       |    67 |   161 |   404 |    59 ||   691
       Kite shield       |       |       |       |       |       |   265 ||   265

Table legend: (Time is in decaauts)
 A = Elapsed time spent in this place.
 B = Non-inter-level travel time spent in this place.
 C = Inter-level travel time spent in this place.
 D = Time resting spent in this place.
 E = Time spent auto-exploring this place.
 F = Levels seen in this place.
 G = Mean time per level.
                   A        B        C        D        E       F      G
               +--------+--------+--------+--------+--------+-----+--------+
         Total |  46035 |  43461 |   2574 |  19051 |  15893 |  31 | 1485.0 |
       Dungeon |  14471 |  13304 |   1167 |   3385 |   6628 |  13 | 1113.2 |
        Temple |    251 |    211 |     40 |      0 |    210 |   1 |  251.0 |
          Lair |  10177 |   9330 |    847 |   3698 |   4122 |   6 | 1696.2 |
         Swamp |  10178 |   9780 |    398 |   6117 |   2138 |   4 | 2544.5 |
   Spider Nest |   6536 |   6466 |     70 |   3865 |   1522 |   4 | 1634.0 |
  Orcish Mines |   2831 |   2781 |     50 |   1225 |    960 |   2 | 1415.5 |
      Gauntlet |   1588 |   1588 |      0 |    759 |    312 |   1 | 1588.0 |
               +--------+--------+--------+--------+--------+-----+--------+

Top non-repeatable levels by time:
  Lair:2: 3798 daAuts
 Swamp:4: 3072 daAuts
 Swamp:2: 2951 daAuts
 Swamp:3: 2461 daAuts
   Orc:2: 2407 daAuts
  Lair:6: 1995 daAuts
Spider:2: 1943 daAuts
    D:10: 1933 daAuts
Spider:1: 1923 daAuts
 Swamp:1: 1692 daAuts
Gauntlet: 1588 daAuts
     D:5: 1447 daAuts
Spider:4: 1429 daAuts
    D:12: 1426 daAuts
    D:11: 1355 daAuts
